 Dungeon Crawl Stone Soup version 0.26-a0-1205-g4083c211ab (webtiles) character file.

Game seed: 14282558060636213938

98 CurlyBrace the Sneak (level 4, 9/31 HPs)
             Began as a Felid Delver on Dec 29, 2020.
             Quit the game on level 6 of the Dungeon.
             The game lasted 00:01:21 (112 turns).

CurlyBrace the Sneak (Felid Delver)                  Turns: 112, Time: 00:01:21

Health: 9/31       AC: 22    Str:  8    XL:     4   Next: 44%
Magic:  5/5        EV:  4    Int: 12    God:
Gold:   0          SH:  0    Dex: 17    Spells: 3/3 levels left
                                        Lives:  1   Deaths: 0

rFire    . . .     SeeInvis +     - Unarmed
rCold    . . .     Faith    .   (shield unavailable)
rNeg     + + +     Spirit   .   (armour unavailable)
rPois    +         Reflect  .   (helmet unavailable)
rElec    .         Harm     .   (cloak unavailable)
rCorr    .         Rampage  .   (gloves unavailable)
Will     .....     NoTele   +   (boots unavailable)
Stlth    ++++......             (no amulet)
HPRegen  0.10/turn              (no ring)
MPRegen  0.09/turn              (no ring)

@: tree-form (expiring), hasted, very quick
A: very small, no armour, no weapons or thrown items, stealth, see invisible
a: no special abilities


You were on level 6 of the Dungeon.
You were a tree.
You visited 1 branch of the dungeon, and saw 3 of its levels.

Inventory:

Wands
 v - a wand of digging (3)


   Skills:
 * Level 3.6 Fighting
 + Level 3.4 Dodging
 - Level 7.0 Stealth
 * Level 3.6 Unarmed Combat


You had 3 spell levels left.
You didn't know any spells.
Your spell library was empty.

Dungeon Overview and Level Annotations

Branches:
Dungeon (7/15)
 Temple: D:4-7

Altars:

Annotations:
D:6 Sigmund


Innate Abilities, Weirdness & Mutations

You cannot wear armour.
You are incapable of wielding weapons or throwing items.
Your paws allow you to move quietly. (Stealth)
((You have sharp claws.))
((You have razor-sharp teeth.))
You have supernaturally acute eyesight. (SInv)
((You cover ground quickly.))
((You are covered in fur. (AC +1)))
((Your sharp claws are effective at attacking unaware monsters.))


Message History

As you read the scroll labelled LEVYXK HOME, it crumbles to dust.
It is a scroll of identify.
You don't have any unidentified items.
As you read the scroll of fear, it crumbles to dust.
You assume a fearsome visage.
Sigmund looks frightened!
As you read the scroll of fog, it crumbles to dust.
The scroll dissolves into smoke.
You start resting.
Sigmund is nearby!
Sigmund is nearby!
Sigmund casts a spell at you.
The magic dart hits you but does no damage.
Your transformation is almost over.
Sigmund points at you and mumbles some strange words.
The puff of flame hits you but does no damage.
Sigmund casts a spell at you.
The puff of flame hits you but does no damage.
Sigmund hits you but does no damage. Sigmund barely misses you.
Are you sure you want to abandon this character and quit the game? (Confirm with "yes".)

....####........>..#.##...##
###. #......###..........##
#. ........###...........# #
.........##...........##
....#..#####..........#
.##..##.###.#.........## ..
##....##..........### #.
$.....#......#####
.......♣...# .......##.##
.=...@. ...# ...........#
.......?.... ...........##
.......##### .#.....


You could see Sigmund (inner flame, invisible).

Vanquished Creatures
  A sky beast (D:6)
  An adder (D:6)
2 creatures vanquished.

Vanquished Creatures (others)
  5 toadstools (D:6)
5 creatures vanquished.

Grand Total: 7 creatures vanquished

Notes
Turn   | Place    | Note
-------+----------+-------------------------------------------
     0 | D:5      | CurlyBrace the Felid Delver began the quest for the Orb.
     0 | D:5      | Reached XP level 1. HP: 10/10 MP: 2/2
     1 | D:6      | Noticed a sky beast
     4 | D:6      | Reached XP level 2. HP: 14/14 MP: 3/3
    16 | D:6      | Killed a sky beast
    17 | D:6      | Reached skill level 7 in Stealth
    17 | D:6      | Reached XP level 3. HP: 17/17 MP: 4/4
    17 | D:6      | Reached XP level 4. HP: 21/21 MP: 5/5
    59 | D:6      | Noticed Sigmund
   112 | D:6      | Quit the game

Illustrated notes

Levels and vault maps discovered:
D:5:      layout_basic, lemuel_flamethrower_2
D:6:      layout_cave_pools, minmay_gold_behind_fungi, uniq_sigmund
D:7:      layout_layer_cave, eino_tiny_chamber

Skill      XL: |  1  2 |
---------------+-------+-----
Dodging        | 3 |  3.4
Stealth        | 7 |  7.0
Unarmed Combat | 3 |  3.6
Fighting       | |  3.6

Action                   |  1- 3 |  4- 6 || total
-------------------------+-------+-------++-------
Melee: Unarmed           |     2 |       ||     2
  Use: Scroll            |       |     5 ||     5
       Potion            |       |     3 ||     3
 Stab: Sleeping          |     2 |       ||     2
Armor: Skin              |       |     5 ||     5
Dodge: Dodged            |       |     1 ||     1

Table legend: (Time is in decaauts)
 A = Elapsed time spent in this place.
 B = Non-inter-level travel time spent in this place.
 C = Inter-level travel time spent in this place.
 D = Time resting spent in this place.
 E = Time spent auto-exploring this place.
 F = Levels seen in this place.
 G = Mean time per level.
                   A        B        C        D        E       F      G
               +--------+--------+--------+--------+--------+-----+--------+
         Total |     85 |     77 |      8 |     16 |      0 |   3 |   28.3 |
       Dungeon |     85 |     77 |      8 |     16 |      0 |   3 |   28.3 |
               +--------+--------+--------+--------+--------+-----+--------+

Top non-repeatable levels by time:
     D:6: 73 daAuts
     D:7: 11 daAuts
     D:5: 1 daAuts
